Workbook

Sheet Cover Page
A1: Supplementary Statistics from the Survey of Consumers' Use of Payments 2013
A2: Statistical Appendix to the Research Discussion Paper, "The Changing Way We Pay: Trends in Consumer Payments"
B6: =T.1a!A1 -> Table 1a. | C6: =T.1a!B1 -> Per cent of the number of payments, by merchant category and payment method
B7: =T.1b!A1 -> Table 1b. | C7: =T.1b!B1 -> Per cent of the value of payments, by merchant category and payment method
B9: =T.2a!A1 -> Table 2a. | C9: =T.2a!B1 -> Per cent of the number of transactions by merchant category and payment channel
B10: =T.2b!A1 -> Table 2b. | C10: =T.2b!B1 -> Per cent of the value of transactions by merchant category and payment channel
B12: =T.3a!A1 -> Table 3a. | C12: =T.3a!B1 -> Per cent of the number of payments, by payment method and payment channel
B13: =T.3b!A1 -> Table 3b. | C13: =T.3b!B1 -> Per cent of the value of payments, by payment method and payment channel
B15: =T.4a!A1 -> Table 4a. | C15: =T.4a!B1 -> Per cent of the number of card payments at the point of sale, by merchant category and card action
B16: =T.4b!A1 -> Table 4b. | C16: =T.4b!B1 -> Median value of card payments at the point of sale, by merchant category and card action
B18: =T.5!A1 -> Table 5. | C18: =T.5!B1 -> Per cent of the number of payments, by payment value and payment method
B20: =T.6!A1 -> Table 6. | C20: =T.6!B1 -> Per cent of the number of payments, by age, household income and payment channel
B22: =T.7!A1 -> Table 7. | C22: =T.7!B1 -> Per cent of the number of payments, by age, household income and payment method
B24: =T.8!A1 -> Table 8. | C24: =T.8!B1 -> Surcharges paid on card payments, by merchant category
B26: =T.9!A1 -> Table 9. | C26: =T.9!B1 -> Per cent of the number of card payments where a surcharge was paid, by age and household income
B28: =T.10!A1 -> Table 10. | C28: =T.10!B1 -> Important factors for choice of payment method at the point of sale, by in-person payment method
B30: =T.11!A1 -> Table 11. | C30: =T.11!B1 -> Number and value of banknote holdings at the start of the survey, by age and household income
B32: =T.12!A1 -> Table 12. | C32: =T.12!B1 -> Mean number of banknotes in wallet at the start of the survey, by age, household income and denomination
B34: =T.13a!A1 -> Table 13a. | C34: =T.13a!B1 -> Mean number of cash top-ups per person per week, by withdrawal method
B35: =T.13b!A1 -> Table 13b. | C35: =T.13b!B1 -> Median value of cash top-ups, by age, household income and withdrawal method
B38: Source: | C38: RBA data collected by Colmar Brunton

Sheet T.1a
A1: Table 1a. | B1: Per cent of the number of payments, by merchant category and payment method
A2: Payments by merchant category | B2: Per cent of total number of consumer payments | C2: Per cent of the number of payments made using:
C3: Cash | D3: Debit card | E3: Credit card | F3: Personal cheques | G3: BPAY | H3: Internet/ phone banking | I3: PayPal | J3: Other
A4: Total Payments | B4: 100 | C4: 47 | D4: 24 | E4: 19 | F4: 0 | G4: 3 | H4: 2 | I4: 3 | J4: 2
A6: Food retailers | B6: 28 | C6: 72 | D6: 16 | E6: 11 | F6: 0 | G6: 0 | H6: 0 | I6: 0 | J6: 0
A7: Pub/bar | B7: 2 | C7: 76 | D7: 12 | E7: 12 | F7: 0 | G7: 0 | H7: 0 | I7: 0 | J7: 0
A8: Small food store | B8: 7 | C8: 73 | D8: 16 | E8: 10 | F8: 0 | G8: 0 | H8: 0 | I8: 0 | J8: 0
A9: Take-away/fast food | B9: 10 | C9: 73 | D9: 17 | E9: 9 | F9: 0 | G9: 0 | H9: 0 | I9: 0 | J9: 0
A10: Café/restaurant | B10: 9 | C10: 70 | D10: 16 | E10: 13 | F10: 0 | G10: 0 | H10: 0 | I10: 0 | J10: 0
A12: Petrol/transport | B12: 10 | C12: 41 | D12: 32 | E12: 23 | F12: 0 | G12: 1 | H12: 0 | I12: 0 | J12: 4
A13: Petrol/service station | B13: 6 | C13: 31 | D13: 39 | E13: 27 | F13: 0 | G13: 0 | H13: 0 | I13: 0 | J13: 2
A14: Transport | B14: 4 | C14: 58 | D14: 18 | E14: 16 | F14: 0 | G14: 1 | H14: 1 | I14: 0 | J14: 6
A16: Services | B16: 3 | C16: 50 | D16: 21 | E16: 17 | F16: 2 | G16: 2 | H16: 5 | I16: 1 | J16: 1
A18: Holiday/leisure | B18: 5 | C18: 43 | D18: 17 | E18: 23 | F18: 1 | G18: 2 | H18: 4 | I18: 7 | J18: 3
A19: Holiday travel | B19: 1 | C19: 4 | D19: 22 | E19: 52 | F19: 1 | G19: 4 | H19: 10 | I19: 4 | J19: 3
... A32: Other | B32: 6 | C32: 46 | D32: 14 | E32: 14 | F32: 1 | G32: 5 | H32: 4 | I32: 12 | J32: 4
A33: Notes:
A34: Due to rounding figures may not sum to 100 and may differ from previously published aggregates
A35: Source: RBA data collected by Colmar Brunton

Sheet T.1b
A1: Table 1b. | B1: Per cent of the value of payments, by merchant category and payment method
A2: Payments by merchant category | B2: Median payment value | C2: Per cent of the total value of consumer payments | D2: Per cent of the value of payments made using:
D3: Cash | E3: Debit card | F3: Credit card | G3: Personal cheques | H3: BPAY | I3: Internet/ phone banking | J3: PayPal | K3: Other
A4: Total Payments | B4: 23 | C4: 100 | D4: 18 | E4: 22 | F4: 31 | G4: 2 | H4: 11 | I4: 10 | J4: 2 | K4: 5
A6: Food retailers | B6: 11 | C6: 8 | D6: 56 | E6: 21 | F6: 22 | G6: 0 | H6: 0 | I6: 0 | J6: 0 | K6: 0
A7: Pub/bar | B7: 22 | C7: 1 | D7: 67 | E7: 11 | F7: 22 | G7: 0 | H7: 0 | I7: 0 | J7: 0 | K7: 0
A8: Small food store | B8: 11 | C8: 2 | D8: 58 | E8: 23 | F8: 18 | G8: 0 | H8: 0 | I8: 0 | J8: 1 | K8: 0
A9: Take-away/fast food | B9: 10 | C9: 2 | D9: 65 | E9: 20 | F9: 14 | G9: 0 | H9: 0 | I9: 0 | J9: 0 | K9: 0
A10: Café/restaurant | B10: 12 | C10: 3 | D10: 45 | E10: 23 | F10: 31 | G10: 0 | H10: 0 | I10: 0 | J10: 0 | K10: 0
A12: Petrol/transport | B12: 30 | C12: 6 | D12: 21 | E12: 39 | F12: 34 | G12: 0 | H12: 2 | I12: 1 | J12: 0 | K12: 2
A13: Petrol/service station | B13: 45 | C13: 5 | D13: 20 | E13: 46 | F13: 32 | G13: 0 | H13: 0 | I13: 0 | J13: 0 | K13: 3
A14: Transport | B14: 9 | C14: 2 | D14: 27 | E14: 20 | F14: 39 | G14: 0 | H14: 9 | I14: 4 | J14: 0 | K14: 1
A16: Services | B16: 50 | C16: 7 | D16: 20 | E16: 18 | F16: 21 | G16: 3 | H16: 2 | I16: 19 | J16: 0 | K16: 17
A18: Holiday/leisure | B18: 30 | C18: 9 | D18: 12 | E18: 13 | F18: 52 | G18: 2 | H18: 7 | I18: 7 | J18: 5 | K18: 2
A19: Holiday travel | B19: 240 | C19: 6 | D19: n.a. | E19: 8 | F19: 66 | G19: 1 | H19: 10 | I19: 8 | J19: 4 | K19: 1
A20: Leisure/sports/entertainment | B20: 25 | C20: 4 | D20: 29 | E20: 20 | F20: 31 | G20: 3 | H20: 2 | I20: 7 | J20: 6 | K20: 3
A22: Goods retailers | B22: 25 | C22: 15 | D22: 15 | E22: 30 | F22: 41 | G22: 0 | H22: 0 | I22: 1 | J22: 8 | K22: 4
A23: Other retailer | B23: 23 | C23: 10 | D23: 19 | E23: 29 | F23: 37 | G23: 1 | H23: 0 | I23: 0 | J23: 9 | K23: 5
A24: Electrical/furniture | B24: 95 | C24: 5 | D24: 6 | E24: 31 | F24: 50 | G24: 0 | H24: 0 | I24: 4 | J24: 8 | K24: 1
A26: Supermarket/bottle shop | B26: 28 | C26: 14 | D26: 25 | E26: 43 | F26: 29 | G26: 1 | H26: 0 | I26: 0 | J26: 0 | K26: 2
A28: Bills/medical | B28: 84 | C28: 29 | D28: 9 | E28: 12 | F28: 29 | G28: 4 | H28: 28 | I28: 15 | J28: 0 | K28: 3
A29: Household bills | B29: 113 | C29: 25 | D29: 8 | E29: 11 | F29: 25 | G29: 5 | H29: 31 | I29: 16 | J29: 0 | K29: 3
A30: Medical/health | B30: 40 | C30: 4 | D30: 12 | E30: 18 | F30: 56 | G30: 2 | H30: 5 | I30: 3 | J30: 1 | K30: 2
A32: Other | B32: 25 | C32: 11 | D32: 11 | E32: 11 | F32: 15 | G32: 1 | H32: 15 | I32: 29 | J32: 3 | K32: 15
A33: Notes:
A34: Payments of $9 999 or more are excluded
A35: Figures may not sum to 100 due to rounding
A36: Source: RBA data collected by Colmar Brunton

Sheet T.2a
A1: Table 2a. | B1: Per cent of the number of transactions by merchant category and payment channel
B2: Per cent of the number of transactions made via:
B3: In person | C3: Internet | D3: Smartphone/ SMS | E3: Telephone | F3: Mail
A4: Total Transactions | B4: 84 | C4: 13 | D4: 1 | E4: 1 | F4: 0
A6: Total Payments | B6: 86 | C6: 12 | D6: 1 | E6: 1 | F6: 0
A7: Food retailers | B7: 99 | C7: 1 | D7: 0 | E7: 0 | F7: 0
A8: Pub/bar | B8: 99 | C8: 0 | D8: 0 | E8: 0 | F8: 0
A9: Small food store | B9: 99 | C9: 1 | D9: 0 | E9: 0 | F9: 0
A10: Take-away/fast food | B10: 98 | C10: 1 | D10: 1 | E10: 0 | F10: 0
A11: Café/restaurant | B11: 99 | C11: 1 | D11: 0 | E11: 0 | F11: 0
A13: Petrol/transport | B13: 97 | C13: 3 | D13: 0 | E13: 0 | F13: 0
A14: Petrol/service station | B14: 100 | C14: 0 | D14: 0 | E14: 0 | F14: 0
A15: Transport | B15: 91 | C15: 8 | D15: 1 | E15: 1 | F15: 0
A17: Services | B17: 84 | C17: 12 | D17: 0 | E17: 3 | F17: 0
A19: Holiday/leisure | B19: 65 | C19: 30 | D19: 2 | E19: 2 | F19: 1
... A37: Between own accounts | B37: 14 | C37: 75 | D37: 8 | E37: 3 | F37: 0
A38: Figures may not sum to 100 due to rounding
A39: Source: RBA data collected by Colmar Brunton

Sheet T.2b
A1: Table 2b. | B1: Per cent of the value of transactions by merchant category and payment channel
B2: Per cent of the value of transaction made via:
B3: In person | C3: Internet | D3: Smartphone/ SMS | E3: Telephone | F3: Mail
A4: Total Transactions | B4: 50 | C4: 42 | D4: 2 | E4: 5 | F4: 1
A6: Total Payments | B6: 57 | C6: 35 | D6: 2 | E6: 6 | F6: 1
A7: Food retailers | B7: 96 | C7: 2 | D7: 1 | E7: 0 | F7: 0
A8: Pub/bar | B8: 96 | C8: 0 | D8: 4 | E8: 0 | F8: 0
A9: Small food store | B9: 97 | C9: 2 | D9: 0 | E9: 0 | F9: 0
A10: Take-away/fast food | B10: 95 | C10: 3 | D10: 1 | E10: 1 | F10: 0
A11: Café/restaurant | B11: 96 | C11: 2 | D11: 2 | E11: 0 | F11: 0
A13: Petrol/transport | B13: 88 | C13: 10 | D13: 1 | E13: 0 | F13: 0
A14: Petrol/service station | B14: 100 | C14: 0 | D14: 0 | E14: 0 | F14: 0
A15: Transport | B15: 54 | C15: 41 | D15: 4 | E15: 1 | F15: 0
A17: Services | B17: 55 | C17: 25 | D17: 0 | E17: 20 | F17: 0
A19: Holiday/leisure | B19: 43 | C19: 49 | D19: 1 | E19: 5 | F19: 2
... A40: Median Transfer Amount | B40: 50 | C40: 145 | D40: 92 | E40: 130 | F40: 61
A41: Notes:
A42: Some figures may differ from previously published values as payments of $9 999 or more are excluded
A43: Figures may not sum to 100 due to rounding
A44: Source: RBA data collected by Colmar Brunton

Sheet T.3a
A1: Table 3a. | B1: Per cent of the number of payments, by payment method and payment channel
A2: Payment method | B2: Per cent of the number of payments made via:
B3: In person | C3: Internet | D3: Smartphone/ SMS | E3: Telephone | F3: Mail
A4: Cash | B4: 100 | C4: 0 | D4: 0 | E4: 0 | F4: 0
A5: Debit card | B5: 91 | C5: 8 | D5: 1 | E5: 1 | F5: 0
A6: Credit Card | B6: 79 | C6: 16 | D6: 1 | E6: 3 | F6: 0
A7: Personal cheque | B7: 58 | C7: 0 | D7: 0 | E7: 2 | F7: 39
A8: BPAY | B8: 3 | C8: 84 | D8: 6 | E8: 6 | F8: 0
A9: Internet/telephone banking | B9: 3 | C9: 88 | D9: 5 | E9: 4 | F9: 0
A10: Paypal | B10: 0 | C10: 96 | D10: 4 | E10: 0 | F10: 0
A11: Other | B11: 73 | C11: 26 | D11: 0 | E11: 1 | F11: 0
A12: Notes:
A13: Payments only; excludes transfers
A14: Figures may not sum to 100 due to rounding
A15: Source: RBA data collected by Colmar Brunton

Sheet T.3b
A1: Table 3b. | B1: Per cent of the value of payments, by payment method and payment channel
A2: Payment method | B2: Per cent of the value of payments made via:
B3: In person | C3: Internet | D3: Smartphone/ SMS | E3: Telephone | F3: Mail
A4: Cash | B4: 100 | C4: 0 | D4: 0 | E4: 0 | F4: 0
A5: Debit card | B5: 77 | C5: 19 | D5: 1 | E5: 3 | F5: 0
A6: Credit Card | B6: 57 | C6: 31 | D6: 1 | E6: 11 | F6: 0
A7: Personal cheque | B7: 71 | C7: 0 | D7: 0 | E7: 3 | F7: 25
A8: BPAY | B8: 2 | C8: 88 | D8: 6 | E8: 5 | F8: 0
A9: Internet/telephone banking | B9: 1 | C9: 89 | D9: 2 | E9: 8 | F9: 0
A10: Paypal | B10: 0 | C10: 97 | D10: 3 | E10: 0 | F10: 0
A11: Other | B11: 62 | C11: 31 | D11: 0 | E11: 0 | F11: 6
A12: Notes:
A13: Payments only; excludes transfers
A14: Payments of $9 999 or more are excluded
A15: Figures may not sum to 100 due to rounding
A16: Source: RBA data collected by Colmar Brunton

Sheet T.4a
A1: Table 4a. | B1: Per cent of the number of card payments at the point of sale, by merchant category and card action
A2: Payments by merchant category | B2: Per cent of the number of card payments at the point of sale made by:
B3: Tap/wave card over card reader | C3: Swipe or insert card and press ‘CR’ button | D3: Swipe or insert card and press ‘CHQ’/‘SAV’ button
A4: Total Payments | B4: 23 | C4: 37 | D4: 41
A6: Food retailers | B6: 23 | C6: 36 | D6: 40
A7: Pub/bar | B7: 16 | C7: 53 | D7: 31
A8: Small food store | B8: 19 | C8: 34 | D8: 46
A9: Take-away/fast food | B9: 35 | C9: 23 | D9: 42
A10: Café/restaurant | B10: 16 | C10: 48 | D10: 36
A12: Petrol/transport | B12: 26 | C12: 36 | D12: 38
A13: Petrol/service station | B13: 30 | C13: 34 | D13: 37
A14: Transport | B14: 12 | C14: 47 | D14: 42
A16: Services | B16: 9 | C16: 44 | D16: 48
A18: Holiday/leisure | B18: 13 | C18: 45 | D18: 42
A19: Holiday travel | B19: 16 | C19: 50 | D19: 34
... A32: Other | B32: 14 | C32: 39 | D32: 47
A33: Figures may not sum to 100 due to rounding
A34: Source: RBA data collected by Colmar Brunton

Sheet T.4b
A1: Table 4b. | B1: Median value of card payments at the point of sale, by merchant category and card action
A2: Payments by merchant category | B2: Median value of card payments at the point of sale made by:
B3: Tap/wave card over card reader | C3: Swipe or insert card and press ‘CR’ button | D3: Swipe or insert card and press ‘CHQ’/‘SAV’ button
A4: Total median payment amount | B4: 26 | C4: 45 | D4: 32
A6: Food retailers | B6: 14 | C6: 27 | D6: 20
A7: Pub/bar | B7: 50 | C7: 40 | D7: 21
A8: Small food store | B8: 18 | C8: 27 | D8: 24
A9: Take-away/fast food | B9: 12 | C9: 14 | D9: 12
A10: Café/restaurant | B10: 14 | C10: 38 | D10: 29
A12: Petrol/transport | B12: 50 | C12: 49 | D12: 40
A13: Petrol/service station | B13: 50 | C13: 52 | D13: 46
A14: Transport | B14: 14 | C14: 20 | D14: 18
A16: Services | B16: 30 | C16: 75 | D16: 45
A18: Holiday/leisure | B18: 25 | C18: 83 | D18: 40
A19: Holiday travel | B19: n.a. | C19: 350 | D19: n.a.
A20: Leisure/sports/entertainment | B20: 25 | C20: 72 | D20: 30
A22: Goods retailers | B22: 27 | C22: 45 | D22: 33
A23: Other retailer | B23: 27 | C23: 42 | D23: 31
A24: Electrical/furniture | B24: n.a. | C24: 158 | D24: 50
A26: Supermarket/bottle shop | B26: 28 | C26: 40 | D26: 35
A28: Bills/medical | B28: 22 | C28: 60 | D28: 50
A29: Household bills | B29: n.a. | C29: 130 | D29: 93
A30: Medical/health | B30: 22 | C30: 56 | D30: 39
A32: Other | B32: 24 | C32: 65 | D32: 48
A33: Notes:
A34: Payments only; excludes transfers
A35: n.a. indicates that the cell count was less than 10 observations and a reliable estimate cannot be given
A37: Source: RBA data collected by Colmar Brunton

Sheet T.5
A1: Table 5. | B1: Per cent of the number of payments, by payment value and payment method
A2: Payment value | B2: Per cent of the number of payments by payment method:
B3: Cash | C3: Debit card | D3: Credit Card | E3: Personal cheque | F3: BPAY | G3: Internet/ telephone banking | H3: Paypal | I3: Other
A4: 0-10 | B4: 78 | C4: 12 | D4: 6 | E4: 0 | F4: 0 | G4: 0 | H4: 2 | I4: 2
A5: 11-20 | B5: 56 | C5: 24 | D5: 15 | E5: 0 | F5: 1 | G5: 1 | H5: 2 | I5: 2
A6: 21-50 | B6: 37 | C6: 32 | D6: 22 | E6: 0 | F6: 3 | G6: 1 | H6: 3 | I6: 2
A7: 51-100 | B7: 23 | C7: 32 | D7: 32 | E7: 0 | F7: 5 | G7: 2 | H7: 3 | I7: 3
A8: 101-500 | B8: 14 | C8: 26 | D8: 34 | E8: 2 | F8: 14 | G8: 6 | H8: 3 | I8: 3
A9: 501+ | B9: 7 | C9: 15 | D9: 36 | E9: 3 | F9: 15 | G9: 18 | H9: 2 | I9: 5
A10: Notes:
A11: Payments only; excludes transfers
A12: Figures may not sum to 100 due to rounding
A13: Source: RBA data collected by Colmar Brunton

Sheet T.6
A1: Table 6. | B1: Per cent of the number of payments, by age, household income and payment channel
B2: Per cent of the number of payments made via:
B3: In person | C3: Internet | D3: Smartphone/ SMS | E3: Telephone | F3: Mail
A4: Total Payments | B4: 86 | C4: 12 | D4: 1 | E4: 1 | F4: 0
A6: Age
A7: 18-29 | B7: 86 | C7: 11 | D7: 2 | E7: 0 | F7: 0
A8: 30-39 | B8: 82 | C8: 16 | D8: 1 | E8: 1 | F8: 0
A9: 40-49 | B9: 87 | C9: 11 | D9: 0 | E9: 1 | F9: 0
A10: 50-64 | B10: 85 | C10: 13 | D10: 0 | E10: 2 | F10: 0
A11: 65+ | B11: 89 | C11: 8 | D11: 0 | E11: 2 | F11: 1
A13: Age-adjusted household income quartiles
A14: 1st quartile | B14: 85 | C14: 13 | D14: 1 | E14: 1 | F14: 0
A15: 2nd quartile | B15: 86 | C15: 12 | D15: 1 | E15: 1 | F15: 0
A16: 3rd quartile | B16: 86 | C16: 12 | D16: 0 | E16: 1 | F16: 1
A17: 4th quartile (highest) | B17: 86 | C17: 12 | D17: 1 | E17: 1 | F17: 0
A18: Notes:
A19: Payments only; excludes transfers
A20: Figures may not sum to 100 due to rounding
A21: Source: RBA data collected by Colmar Brunton

Sheet T.7
A1: Table 7. | B1: Per cent of the number of payments, by age, household income and payment method
B2: Per cent of the number of payments made via:
B3: Cash | C3: Debit card | D3: Credit Card | E3: Personal cheque | F3: BPAY | G3: Internet/ telephone banking | H3: Paypal | I3: Other
A4: Total Payments | B4: 47 | C4: 24 | D4: 19 | E4: 0 | F4: 3 | G4: 2 | H4: 3 | I4: 2
A6: Age
A7: 18-29 | B7: 44 | C7: 36 | D7: 10 | E7: 0 | F7: 2 | G7: 1 | H7: 4 | I7: 2
A8: 30-39 | B8: 40 | C8: 25 | D8: 23 | E8: 0 | F8: 5 | G8: 2 | H8: 3 | I8: 2
A9: 40-49 | B9: 47 | C9: 21 | D9: 22 | E9: 0 | F9: 4 | G9: 2 | H9: 1 | I9: 2
A10: 50-64 | B10: 48 | C10: 21 | D10: 21 | E10: 0 | F10: 4 | G10: 2 | H10: 3 | I10: 2
A11: 65+ | B11: 60 | C11: 17 | D11: 16 | E11: 1 | F11: 2 | G11: 1 | H11: 2 | I11: 1
A13: Age-adjusted household income quartiles
A14: 1st quartile | B14: 50 | C14: 30 | D14: 8 | E14: 0 | F14: 4 | G14: 2 | H14: 3 | I14: 2
A15: 2nd quartile | B15: 50 | C15: 27 | D15: 12 | E15: 1 | F15: 4 | G15: 1 | H15: 3 | I15: 2
A16: 3rd quartile | B16: 49 | C16: 21 | D16: 20 | E16: 1 | F16: 3 | G16: 2 | H16: 2 | I16: 2
A17: 4th quartile (highest) | B17: 43 | C17: 19 | D17: 30 | E17: 0 | F17: 3 | G17: 1 | H17: 2 | I17: 2
A18: Notes:
A19: Payments only; excludes transfers
A20: Figures may not sum to 100 due to rounding
A21: Source: RBA data collected by Colmar Brunton

Sheet T.8
A1: Table 8. | B1: Surcharges paid on card payments, by merchant category
A2: Payments by merchant category | B2: Per cent of card payments where a surcharge was paid | C2: Median surcharge as a percent of payment amount* | D2: Median value of card payments*
D3: Incurring a surcharge | E3: Not incurring a surcharge
A4: Food retailers | B4: 4 | C4: 2.9 | D4: 33 | E4: 20
A5: Pub/bar | B5: 10 | C5: n.a. | D5: 60 | E5: n.a.
A6: Small food store | B6: 3 | C6: n.a. | D6: 15 | E6: n.a.
A7: Take-away/fast food | B7: 2 | C7: n.a. | D7: 14 | E7: n.a.
A8: Café/restaurant | B8: 5 | C8: 2 | D8: 64 | E8: 27
A10: Petrol/transport | B10: 3 | C10: 3 | D10: 48 | E10: 46
A11: Petrol/service station | B11: 0 | C11: n.a. | D11: 85 | E11: n.a.
A12: Transport | B12: 13 | C12: 3 | D12: 42 | E12: 15
A14: Services | B14: 2 | C14: n.a. | D14: 156 | E14: n.a.
A16: Holiday/leisure | B16: 17 | C16: 2 | D16: 180 | E16: 55
A17: Holiday travel | B17: 38 | C17: 1.7 | D17: 307 | E17: 200
A18: Leisure/sports/entertainment | B18: 11 | C18: 2 | D18: 84 | E18: 39
A20: Goods retailers | B20: 2 | C20: 2 | D20: 56 | E20: 38
A21: Other retailer | B21: 2 | C21: 2 | D21: 60 | E21: 35
A22: Electrical/furniture | B22: 4 | C22: n.a. | D22: 50 | E22: n.a.
A24: Supermarket/bottle shop | B24: 2 | C24: 0.5 | D24: 36 | E24: 35
A26: Bills/medical | B26: 9 | C26: 1.2 | D26: 121 | E26: 79
A27: Household bills | B27: 15 | C27: 1.2 | D27: 132 | E27: 137
A28: Medical/health | B28: 2 | C28: n.a. | D28: 42 | E28: n.a.
A30: Other | B30: 9 | C30: 1 | D30: 85 | E30: 55
A32: Total Payments | B32: 4.1 | C32: 1.8 | D32: 70 | E32: 37
A33: Notes:
A34: Surcharge information was only collected for card payments
A35: n.a. indicates that the cell count was less than 10 observations and a reliable estimate cannot be given
A36: * Payments of $9 999 or more are excluded
A37: Source: RBA data collected by Colmar Brunton

Sheet T.9
A1: Table 9. | B1: Per cent of the number of card payments where a surcharge was paid, by age and household income
B2: Per cent of card payments where a surcharge was paid
A4: Age
A5: 18-29 | B5: 3.9
A6: 30-39 | B6: 3.9
A7: 40-49 | B7: 4.4
A8: 50-64 | B8: 4.7
A9: 65+ | B9: 2.8
A11: Age-adjusted household income quartiles
A12: 1st quartile | B12: 4.9
A13: 2nd quartile | B13: 2.8
A14: 3rd quartile | B14: 2.9
A15: 4th quartile (highest) | B15: 5.1
A16: Notes:
A17: Surcharge information was only collected for card payments
A18: Source: RBA data collected by Colmar Brunton

Sheet T.10
A1: Table 10. | B1: Important factors for choice of payment method at the point of sale, by in-person payment method
B2: Per cent of respondents who reported this factor as most important | C2: Per cent of respondents who reported this factor as important* | D2: Per cent of payments made in-person by respondents who reported this factor as the most important:
D3: Cash | E3: Debit | F3: Credit | G3: Other**
A4: Total | B4: 100 | C4: - | D4: 55 | E4: 25 | F4: 17 | G4: 2
A6: Whatever payment method I have with me | B6: 17 | C6: 48 | D6: 64 | E6: 29 | F6: 5 | G6: 2
A7: Speed of processing the payment | B7: 15 | C7: 56 | D7: 53 | E7: 31 | F7: 15 | G7: 2
A8: Ease of managing my finances | B8: 12 | C8: 49 | D8: 60 | E8: 25 | F8: 12 | G8: 2
A9: Safety/security of the transaction | B9: 11 | C9: 47 | D9: 55 | E9: 29 | F9: 15 | G9: 1
A10: Preference to use my own funds (deposit account) | B10: 11 | C10: 46 | D10: 55 | E10: 37 | F10: 6 | G10: 2
A11: Charges for making the payment | B11: 10 | C11: 47 | D11: 45 | E11: 24 | F11: 28 | G11: 3
A12: Reward points | B12: 9 | C12: 46 | D12: 48 | E12: 9 | F12: 39 | G12: 4
A13: Preference to use credit | B13: 8 | C13: 30 | D13: 46 | E13: 4 | F13: 46 | G13: 4
A14: Preference to obtain cash-out | B14: 3 | C14: 37 | D14: 60 | E14: 36 | F14: 3 | G14: 1
A15: Privacy/anonymity of the transaction | B15: 2 | C15: 25 | D15: 80 | E15: 10 | F15: 8 | G15: 3
A16: Other | B16: 2 | C16: 4 | D16: 60 | E16: 21 | F16: 18 | G16: 1
A17: Notes:
A18: Payments only; excludes transfers
A19: Figures may not sum to 100 due to rounding
A20: * Respondents could choose more than one factor
A21: ** 'Other' includes personal cheques
A22: Source: RBA data collected by Colmar Brunton

Sheet T.11
A1: Table 11. | B1: Number and value of banknote holdings at the start of the survey, by age and household income
B2: Banknotes in wallet at the start of the survey:
B3: Number | D3: Value
B4: Median | C4: Mean | D4: Median | E4: Mean
A5: All | B5: 3 | C5: 4.5 | D5: 55 | E5: 112
A7: Age
A8: 18-29 | B8: 2 | C8: 3.3 | D8: 30 | E8: 67
A9: 30-39 | B9: 3 | C9: 3.4 | D9: 40 | E9: 77
A10: 40-49 | B10: 3 | C10: 4.3 | D10: 65 | E10: 111
A11: 50-64 | B11: 3 | C11: 4.9 | D11: 65 | E11: 119
A12: 65+ | B12: 5 | C12: 6.9 | D12: 110 | E12: 191
A14: Age-adjusted household income quartiles
A15: 1st quartile | B15: 3 | C15: 4.2 | D15: 50 | E15: 102
A16: 2nd quartile | B16: 3 | C16: 4.5 | D16: 50 | E16: 109
A17: 3rd quartile | B17: 3 | C17: 4.6 | D17: 60 | E17: 111
A18: 4th quartile (highest) | B18: 3 | C18: 4.8 | D18: 70 | E18: 125
A19: Source: RBA data collected by Colmar Brunton

Sheet T.12
A1: Table 12. | B1: Mean number of banknotes in wallet at the start of the survey, by age, household income and denomination
B2: Mean number of banknotes in wallet at the start of the survey, by denomination:
B3: 5 | C3: 10 | D3: 20 | E3: 50 | F3: 100
A4: All | B4: 1.1 | C4: 0.9 | D4: 1.1 | E4: 1.3 | F4: 0.1
A6: Age
A7: 18-29 | B7: 1 | C7: 0.7 | D7: 0.8 | E7: 0.6 | F7: 0.1
A8: 30-39 | B8: 1 | C8: 0.7 | D8: 0.9 | E8: 0.8 | F8: 0.1
A9: 40-49 | B9: 1.1 | C9: 0.9 | D9: 1 | E9: 1.2 | F9: 0.2
A10: 50-64 | B10: 1.1 | C10: 0.9 | D10: 1.5 | E10: 1.3 | F10: 0.1
A11: 65+ | B11: 1.3 | C11: 1.4 | D11: 1.5 | E11: 2.6 | F11: 0.1
A13: Age-adjusted household income quartiles
A14: 1st quartile | B14: 1 | C14: 0.8 | D14: 1.2 | E14: 1.1 | F14: 0.1
A15: 2nd quartile | B15: 1.1 | C15: 0.9 | D15: 1.2 | E15: 1.3 | F15: 0.1
A16: 3rd quartile | B16: 1.1 | C16: 1 | D16: 1.1 | E16: 1.3 | F16: 0.1
A17: 4th quartile (highest) | B17: 1.1 | C17: 1 | D17: 1.1 | E17: 1.4 | F17: 0.2
A18: Source: RBA data collected by Colmar Brunton

Sheet T.13a
A1: Table 13a. | B1: Mean number of cash top-ups per person per week, by withdrawal method
B2: Mean number of cash top-ups per person per week:
B3: ATM | C3: Cash-out at point of sale | D3: Bank branch | E3: Other | F3: All
A4: All | B4: 0.7 | C4: 0.4 | D4: 0.1 | E4: 0.3 | F4: 1.511341
A6: Age
A7: 18-29 | B7: 0.9 | C7: 0.3 | D7: 0.1 | E7: 0.3 | F7: 1.6
A8: 30-39 | B8: 0.8 | C8: 0.7 | D8: 0 | E8: 0.3 | F8: 1.9
A9: 40-49 | B9: 0.7 | C9: 0.4 | D9: 0.1 | E9: 0.3 | F9: 1.5
A10: 50-64 | B10: 0.8 | C10: 0.3 | D10: 0.1 | E10: 0.4 | F10: 1.5
A11: 65+ | B11: 0.5 | C11: 0.2 | D11: 0.1 | E11: 0.2 | F11: 1
A13: Age-adjusted household income quartiles
A14: 1st quartile | B14: 0.8 | C14: 0.3 | D14: 0.2 | E14: 0.3 | F14: 1.6
A15: 2nd quartile | B15: 0.7 | C15: 0.4 | D15: 0.1 | E15: 0.2 | F15: 1.4
A16: 3rd quartile | B16: 0.7 | C16: 0.3 | D16: 0.1 | E16: 0.3 | F16: 1.4
A17: 4th quartile (highest) | B17: 0.8 | C17: 0.5 | D17: 0.1 | E17: 0.2 | F17: 1.6
A18: Source: RBA data collected by Colmar Brunton

Sheet T.13b
A1: Table 13b. | B1: Median value of cash top-ups, by age, household income and withdrawal method
B2: Median value of cash top-ups:
B3: ATM | C3: Cash-out at point of sale | D3: Bank branch | E3: Other | F3: All
A4: All | B4: 80 | C4: 50 | D4: 100 | E4: 50 | F4: 60
A6: Age
A7: 18-29 | B7: 50 | C7: 40 | D7: 100 | E7: 55 | F7: 50
A8: 30-39 | B8: 80 | C8: 25 | D8: 50 | E8: 40 | F8: 50
A9: 40-49 | B9: 100 | C9: 50 | D9: 70 | E9: 70 | F9: 75
A10: 50-64 | B10: 100 | C10: 50 | D10: 200 | E10: 50 | F10: 80
A11: 65+ | B11: 100 | C11: 50 | D11: 180 | E11: 50 | F11: 100
A13: Age-adjusted household income quartiles
A14: 1st quartile | B14: 60 | C14: 50 | D14: 100 | E14: 50 | F14: 50
A15: 2nd quartile | B15: 80 | C15: 50 | D15: 142 | E15: 50 | F15: 60
A16: 3rd quartile | B16: 100 | C16: 50 | D16: 250 | E16: 50 | F16: 80
A17: 4th quartile (highest) | B17: 80 | C17: 25 | D17: 100 | E17: 50 | F17: 55
A18: Source: RBA data collected by Colmar Brunton
